 Dungeon Crawl Stone Soup version 0.30.0-5-g1a98f26d00 (webtiles) character file.

Game seed: 3107369002576456149

288 hawla the Firebug (level 6, -9/46 HPs)
             Began as a Meteoran Fire Elementalist on May 10, 2023.
             Mangled by a sleepcap (18 damage)
             ... on level 4 of the Dungeon.
             The game lasted 00:05:56 (986 turns).

hawla the Firebug (Meteoran Fire Elementalist)       Turns: 986, Time: 00:05:56

Health: -9/46      AC:  8    Str:  6 (9)  XL:     6   Next: 88%
Magic:  1/12       EV:  2    Int: 16 (19) God:
Gold:   87         SH:  0    Dex: 18 (19) Spells: 5/12 levels left

rFire   + + +        (no weapon)
rCold   + . .        (no shield)
rNeg    . . .        a - +0 robe
rPois   +            (no helmet)
rElec   +            c - +0 cloak
rCorr   +            r - +0 pair of gloves
SInv    .            (no boots)
Will    .....        k - amulet "Qosuurak" {*Slow rF++ Regen+ Dex+4}
Stlth   +            l - +4 ring of protection
HPRegen 1.07/turn    (no ring)
MPRegen 0.13/turn

%: slow self (1%)
@: resistant, sleeping, attractive, flying, glowing, unable to drink
A: sense surroundings 1, otherworldly, glowing, explore regen, claws 1, wild
magic 1, inability to drink after injury 1
a: no special abilities


You were on level 4 of the Dungeon.
You visited 1 branch of the dungeon, and saw 4 of its levels.

You collected 87 gold pieces.

Inventory:

Armour
 a - a +0 robe (worn)
 c - a +0 cloak (worn)
 r - a +0 pair of gloves (worn)
Jewellery
 k - the amulet "Qosuurak" (around neck) {*Slow rF++ Regen+ Dex+4}
   (You found it on level 3 of the Dungeon)

   [amulet of regeneration]

   Dex:       It affects your dexterity (+4).
   rF:        It greatly protects you from fire.
   Regen:     It increases your rate of health regeneration.
   *Slow:     It may slow you when you take damage.
 l - a +4 ring of protection (left hand)
Scrolls
 h - a scroll of poison
 n - a scroll of fog
 o - a scroll of identify
 p - 2 scrolls of blinking {unknown}
 q - a scroll of silence


   Skills:
 + Level 0.4 Fighting
 + Level 3.0 Dodging
 - Level 1.4 Stealth
 + Level 3.7 Spellcasting
 + Level 5.3 Conjurations
 + Level 5.3 Fire Magic


You had 5 spell levels left.
You knew the following spells:

 Your Spells              Type           Power      Damage    Failure   Level
a - Foxfire               Conj/Fire      100%       2x1d9     3%          1
b - Scorch                Fire           52%        2d7       5%          2
c - Flame Wave            Conj/Fire      26%        2d8       26%         4

Your spell library contained the following spells:

 Spells                   Type           Power      Damage    Failure   Level
 Inner Flame              Hex/Fire       15%        N/A       24%         3
 Volatile Blastmotes      Fire/Tloc      30%        2d12      24%         3


Dungeon Overview and Level Annotations

Branches:
Dungeon (4/15) Zot: 1401
 Temple: D:4-7

Altars:
Elyvilon

Annotations:
D:4 2 transporters, olmar's ghost, amateur AtFi


Innate Abilities, Weirdness & Mutations

You passively map a small area around you.
You are easily found by Zot.
You glow in the dark.
You regain HP and MP as you explore.
You have sharp fingernails.
Your spells are a little harder to cast, but a little more powerful.
You occasionally lose the ability to drink potions when taking damage.


Message History

The foxfire hits the sleepcap but does no damage.
The sleepcap is heavily damaged.
The sleepcap closely misses you.
You hit the sleepcap but do no damage.
The sleepcap is heavily damaged.
The sleepcap barely misses you.
You hit the sleepcap but do no damage.
The sleepcap is heavily damaged.
The sleepcap barely misses you.
You hit the sleepcap but do no damage.
The sleepcap is heavily damaged.
The sleepcap releases spores at you!
You are engulfed in a cloud of soporific spores!
You fall asleep.
The sleepcap releases spores at you!!
You wake up.
You feel threatened and lose the ability to drink potions!
* * * LOW HITPOINT WARNING * * *
You are engulfed in a cloud of soporific spores!
You are unaffected.
You cannot drink potions in your current state!
As you read the scroll labelled BIMIDA CAACS, it crumbles to dust.
It is a scroll of enchant weapon.
You aren't carrying any weapons that can be enchanted.
The sleepcap barely misses you.
As you read the scroll labelled BOC SIUBIBA, it crumbles to dust.
The scroll dissolves into smoke.
It was a scroll of fog.
The sleepcap completely misses you.
As you read the scroll labelled QOUDIS PIDOTIU, it crumbles to dust.
You assume a fearsome visage.
The sleepcap is unaffected.
It was a scroll of fear.
The sleepcap releases spores at you but does no damage.
As you read the scroll labelled YTYECE WIUWK, it crumbles to dust.
It is a scroll of identify.
q - a scroll of silence The sleepcap releases spores at you.
* * * LOW HITPOINT WARNING * * *
You are engulfed in a cloud of soporific spores!
You fall asleep.
The sleepcap releases spores at you!!
You die...

#.......##......# #
#.......##......#
#.###.......##......#
#...........##.......
#...........##.......
######..######.......
#§§§.....# #.......
#§§§§§...####......#
#.§@f§......#......#
##########.........#
#.†........# * *
#.#.#....... , ,,
#.#.#...)... *
#.#>#....... , ***#f
.#....... ,..
.#....... , * ##
.#.......


You could see a sleepcap.

Vanquished Creatures
  A scorpion (D:4)
  A sleepcap (D:4)
  2 hounds (D:4)
  Jessica (D:2)
  2 iguanas
  3 adders
  A dart slug (D:4)
  7 ball pythons
  5 endoplasms
  2 giant cockroaches
  6 goblins
  2 hobgoblins
  2 kobolds
  A quokka (D:4)
  3 bats
  2 rats
41 creatures vanquished.

Vanquished Creatures (others)
  100 foxfires
100 creatures vanquished.

Grand Total: 141 creatures vanquished

Notes
Turn   | Place    | Note
-------+----------+-------------------------------------------
     0 | D:1      | hawla the Meteoran Fire Elementalist began the quest for
                  | the Orb.
     0 | D:1      | Reached XP level 1. HP: 14/14 MP: 5/5
   150 | D:1      | Reached XP level 2. HP: 20/20 MP: 3/6
   153 | D:1      | Learned a level 2 spell: Scorch
   258 | D:2      | Reached XP level 3. HP: 26/26 MP: 0/8
   260 | D:2      | Noticed Jessica
   273 | D:2      | Killed Jessica
   274 | D:2      | Reached XP level 4. HP: 22/33 MP: 1/9
   475 | D:3      | Identified the amulet "Qosuurak" {*Slow rF++ Regen+ Dex+4}
   502 | D:4      | Reached skill level 5 in Fire Magic
   506 | D:4      | Found a transporter.
   507 | D:4      | Noticed a small abomination
   519 | D:4      | Noticed a kobold brigand
   520 | D:4      | Found a transporter.
   521 | D:4      | Noticed an ancient zyme
   526 | D:4      | Noticed a small abomination
   553 | D:4      | Reached XP level 5. HP: 38/38 MP: 6/11
   558 | D:4      | Learned a level 4 spell: Flame Wave
   563 | D:4      | Noticed olmar's ghost (amateur AtFi)
   686 | D:4      | Found a white marble altar of Elyvilon.
   759 | D:4      | Reached XP level 6. HP: 31/45 MP: 1/12
   943 | D:4      | Reached skill level 5 in Conjurations
   975 | D:4      | Gained mutation: Your spells are a little harder to cast,
                  | but a little more powerful. [potion of mutation]
   975 | D:4      | Gained mutation: You occasionally lose the ability to drink
                  | potions when taking damage. [potion of mutation]
   975 | D:4      | Gained mutation: You have sharp fingernails. [potion of
                  | mutation]
   986 | D:4      | Mangled by a sleepcap

Illustrated notes

Levels and vault maps discovered:
D:1:      eino_arrival_water_cross, layout_loops_ring
D:2:      layout_basic, minmay_misc_feat_diagonals, uniq_terence, uniq_jessica
D:3:      layout_loops_ring, uniq_grinder, uniq_crazy_yiuf_cottage
D:4:      layout_basic, kennysheep_mini, gammafunk_ghost_abyssal_escape,
          minmay_ruined_shrine

Skill      XL: |  1  2  3  4  5  6 |
---------------+-------------------+-----
Fire Magic     | 4 5 |  5.3
Spellcasting   | 3 |  3.7
Dodging        | 3 |  3.0
Conjurations   | 3 5 |  5.3
Fighting       | |  0.4
Stealth        | |  1.4

Action                     |  1- 3 |  4- 6 || total
---------------------------+-------+-------++-------
  Melee: Unarmed           |    10 |    20 ||    30
         Punch             |       |     1 ||     1
   Cast: Foxfire           |    21 |    41 ||    62
         Scorch            |     1 |    15 ||    16
         Flame Wave        |       |     1 ||     1
    Use: Scroll            |       |     5 ||     5
         Potion            |       |     7 ||     7
 Armour: Robe              |     2 |    20 ||    22
  Dodge: Dodged            |     7 |    36 ||    43
